 Dungeon Crawl Stone Soup version 0.25-a0-21-ga5a8db46c7 (webtiles) character file.

Game seed: 6088248140125816867, levelgen mode: deterministic

17 Arixos the Skirmisher (level 2, -1/24 HPs)
             Began as a Demonspawn Fighter on Oct 16, 2019.
             Slain by an adder (2 damage)
             ... on level 2 of the Dungeon.
             The game lasted 00:05:10 (794 turns).

Arixos the Skirmisher (Demonspawn Fighter)           Turns: 794, Time: 00:05:11

Health: -1/24      AC:  6    Str: 16    XL:     2   Next: 44%
Magic:  2/2        EV:  7    Int:  9    God:
Gold:   55         SH:  9    Dex: 12    Spells: 1/1 levels left

rFire    x . .     SeeInvis .   j - -3 spear (curse)
rCold    + . .     Gourm    .   b - +1 shield
rNeg     . . .     Faith    .   a - +0 scale mail
rPois    .         Spirit   .   (no helmet)
rElec    .         Reflect  .   (no cloak)
rCorr    .         Harm     .   (no gloves)
MR       .....                  (no boots)
Stlth    ..........             (no amulet)
HPRegen  0.08/turn              e - ring of ice
MPRegen  0.08/turn              (no ring)

@: lethally poisoned (-1 -> -15)
A: sturdy frame 1
a: no special abilities


You were on level 2 of the Dungeon.
You were not hungry.

You visited 1 branch of the dungeon, and saw 2 of its levels.

You collected 55 gold pieces.

Inventory:

Hand Weapons
 f - a +0 dagger
 j - a cursed -3 spear (weapon)
Armour
 a - a +0 scale mail (worn)
 b - a +1 shield (worn)
Jewellery
 e - a ring of ice (left hand)
Scrolls
 l - a scroll of remove curse {unknown}
Potions
 c - a potion of might
 h - 3 potions of curing
 i - a potion of agility {unknown}
 k - a potion of lignification {unknown}
Comestibles
 d - a ration
 g - a chunk of flesh


   Skills:
 + Level 3.2 Fighting
 + Level 2.9 Armour
 + Level 0.7 Dodging
 + Level 2.9 Shields
 - Level 1.7 Unarmed Combat


You had one spell level left.
You didn't know any spells.
Your spell library was empty.

Dungeon Overview and Level Annotations

Branches:
Dungeon (2/15)

Altars:


Innate Abilities, Weirdness & Mutations

Your movements are slightly less encumbered by armour. (ER -2)


Message History

* * * LOW HITPOINT WARNING * * *
You feel sick. You block the adder's attack.
You hit the adder.
The adder is severely wounded.
* * * LOW HITPOINT WARNING * * *
You feel sick. You block the adder's attack. The adder bites you.
* * * LOW HITPOINT WARNING * * *
You are more poisoned.
The adder poisons you!
You closely miss the adder.
The adder is severely wounded.
The adder barely misses you.
You closely miss the adder.
The adder is severely wounded.
* * * LOW HITPOINT WARNING * * *
You feel sick. The adder bites you.
* * * LOW HITPOINT WARNING * * *
You are more poisoned.
The adder poisons you! The adder bites you.
You die...

.. .# .. ##. .%
#.## #..#
#######+##S#
..........@##
............#
.......รท..#.#
..........#...
#######'###.....
#.# ....... #)#
....... #.#
##+####
########'#####


You could see an adder.

Vanquished Creatures
  A leopard gecko (D:1)
  A giant cockroach (D:1)
  3 goblins (D:1)
  A hobgoblin (D:1)
  3 bats
  3 frilled lizards (D:1)
  5 kobolds (D:1)
  A rat (D:1)
18 creatures vanquished.

Notes
Turn   | Place    | Note
-------+----------+-------------------------------------------
     0 | D:1      | Arixos the Demonspawn Fighter began the quest for the Orb.
     0 | D:1      | Reached XP level 1. HP: 18/18 MP: 1/1
   274 | D:1      | Gained mutation: Your movements are slightly less
                  | encumbered by armour. (ER -2) [demonic ancestry]
   274 | D:1      | Reached XP level 2. HP: 24/24 MP: 2/2
   794 | D:2      | HP: 1/24 [adder (3)]
   794 | D:2      | Slain by an adder

Levels and vault maps discovered:
D:1:      evilmike_arrival_plus, layout_rooms, minmay_pentomino_w4
D:2:      layout_basic, st_stairs_1, uniq_crazy_yiuf_cottage

Action                   || total
-------------------------++-------
Melee: Dagger            ||    26
       Unarmed           ||    16
       Spear             ||    79
  Use: Scroll            ||     5
Armor: Scale mail        ||    41
Dodge: Dodged            ||    36
Block: Shield            ||    56

Table legend:
 A = Non-vault XP
 B = Vault XP
 C = Vault XP percentage of total XP
 D = Non-vault monster count
 E = Vault monster count
 F = Vault count percentage of total count
                 A         B        C        D         E       F
            +---------+---------+-------+---------+---------+-------
      Total |      17 |       8 |  32.0 |      13 |       5 |  27.8
            +---------+---------+-------+---------+---------+-------
        D:1 |      16 |       8 |  33.3 |      12 |       5 |  29.4
        D:2 |       1 |       0 |   0.0 |       1 |       0 |   0.0
            +---------+---------+-------+---------+---------+-------
